 Dungeon Crawl Stone Soup version 0.28-a0-1339-ga5422284a4 (webtiles) character file.

Game seed: 3989709386651311367

119 browni3141 the Slasher (level 4, -3/55 HPs)
             Began as a Palentonga Berserker on Dec 28, 2021.
             Was a Priest of Trog.
             Slain by a kobold (13 damage)
             ... on level 3 of the Dungeon.
             The game lasted 00:03:01 (2360 turns).

browni3141 the Slasher (Palentonga Berserker)       Turns: 2360, Time: 00:03:02

Health: -3/55      AC:  5    Str: 22    XL:     4   Next: 74%
Magic:  4/4        EV:  9    Int:  8    God:    Trog [***...]
Gold:   106        SH:  0    Dex:  9    Spells: 3/3 levels left

rFire   . . .      SeeInvis +   b - +0 morningstar
rCold   . . .      Faith    +   (no shield)
rNeg    . . .      Spirit   .   i - +0 ring mail
rPois   .          Reflect  .   (no helmet)
rElec   .          Harm     .   (no cloak)
rCorr   .          Rampage  .   (no gloves)
Will    .....                   (no barding)
Stlth   ..........              k - amulet of faith
HPRegen 0.18/turn               (no ring)
MPRegen 0.09/turn               (no ring)

@: berserking, very quick
A: large, rugged brown scales 3, see invisible, deformed body, roll 1, armoured
tail
a: Rolling Charge, Renounce Religion, Berserk, Trog's Hand


You were on level 3 of the Dungeon.
You worshipped Trog.
Trog was most pleased with you.
You visited 1 branch of the dungeon, and saw 3 of its levels.

You collected 106 gold pieces.

Inventory:

Hand Weapons
 a - a +2 mace of holy wrath
 b - a +0 morningstar (weapon)
 j - a +0 falchion
 m - a +0 flail
Missiles
 f - 12 poisoned darts
Armour
 i - a +0 ring mail (worn)
 n - a +0 animal skin
Jewellery
 k - an amulet of faith (around neck)
Scrolls
 c - 2 scrolls of enchant armour {unknown}
 d - a scroll of magic mapping {unknown}
 g - a scroll of blinking {unknown}
 l - a scroll of teleportation {unknown}
 o - a scroll of acquirement {unknown}
Potions
 e - 2 potions of cancellation {unknown}
 h - 3 potions of heal wounds {unknown}
 p - a potion of brilliance {unknown}


   Skills:
 - Level 3.0 Fighting
 - Level 4.4 Long Blades
 * Level 3.0 Maces & Flails
 - Level 1.5 Armour
 - Level 1.5 Dodging


You had 3 spell levels left.
You didn't know any spells.
Your spell library was empty.

Dungeon Overview and Level Annotations

Branches:
Dungeon (3/15)

Altars:

Shops:
D:1 ?


Innate Abilities, Weirdness & Mutations

You are completely covered in rugged brown scales. (AC +3, +7% HP)
You have supernaturally acute eyesight. (SInv)
Armour fits poorly on your strangely shaped body.
You can roll at nearby foes to attack.
You have a long armoured tail.


Message History

Found a stone staircase leading down.
Found a stone staircase leading down.
Found a stone staircase leading up.
You now have 106 gold pieces (gained 10).
A kobold comes into view.
It is wielding a +2 whip of electrocution.
Found 17 sling bullets.
The kobold shouts!
The kobold throws a stone.
The stone closely misses you.
A kobold is nearby!
A kobold is nearby!
A kobold is nearby!
A kobold is nearby!
There's nothing you can charge at!
You roll forward with a clatter of scales!
You hit the kobold but do no damage.
The kobold hits you with a +2 whip of electrocution.
Unknown command.
You barely miss the kobold.
Your tail-slap misses the kobold.
The kobold hits you with a +2 whip of electrocution.
You barely miss the kobold. The kobold barely misses you.
You barely miss the kobold. The kobold barely misses you.
The kobold hits you with a +2 whip of electrocution.
You are electrocuted!
You are too injured to fight recklessly!
You are too injured to fight recklessly!
You are too injured to fight recklessly!
You are too injured to fight recklessly!
You closely miss the kobold. The kobold misses you.
Unknown command.
You closely miss the kobold. The kobold barely misses you.
Unknown command.
A red film seems to cover your vision as you go berserk!
You feel yourself moving faster!
You feel mighty! The kobold hits you but does no damage.
You are electrocuted!
* * * LOW HITPOINT WARNING * * *
You barely miss the kobold.
The kobold hits you with a +2 whip of electrocution.
* * * LOW HITPOINT WARNING * * *
You are electrocuted!
You die...

#.#.#... #.....<##
#........ #.# ....#
#.# #.#>#
##.###.#.###
#........>.###.#
#..###.........#
#.@# #...#.####
#.K# #...#.# # #..#
#...#.###### #
#..###..........###
#..##..............
#..##.#......##.###
#...........(.<...#
##.##:.......##.#.#
#...........##..#.


You could see a kobold.

Vanquished Creatures
  Robin (D:3)
  2 adders (D:3)
  4 worms
  5 orcs (D:3)
  11 ball pythons
  8 bats
  5 endoplasms
  A giant cockroach (D:1)
  11 goblins
  5 hobgoblins
  4 jackals (D:1)
  A quokka (D:1)
  5 frilled lizards (D:1)
  5 rats
68 creatures vanquished.

Notes
Turn   | Place    | Note
-------+----------+-------------------------------------------
     0 | D:1      | browni3141 the Palentonga Berserker began the quest for the
                  | Orb.
     0 | D:1      | Reached XP level 1. HP: 19/19 MP: 1/1
    87 | D:1      | Reached XP level 2. HP: 25/25 MP: 2/2
   405 | D:1      | Found Wisaixzi's Magic Scroll Shoppe.
   489 | D:1      | Reached skill level 4 in Long Blades
   512 | D:1      | Reached ** piety under Trog
   517 | D:1      | Reached XP level 3. HP: 16/31 MP: 3/3
   715 | D:1      | Found a faded altar of an unknown god.
  1495 | D:2      | Reached skill level 1 in Maces & Flails
  1692 | D:3      | Reached XP level 4. HP: 22/37 MP: 4/4
  2019 | D:3      | Noticed Robin
  2028 | D:3      | Reached *** piety under Trog
  2039 | D:3      | Killed Robin
  2360 | D:3      | Slain by a kobold

Illustrated notes

Levels and vault maps discovered:
D:1:      scummos_arrival_simple_fountains, layout_loops_cross,
          shapermc_ecumenical_altar_venn, serial_shops, shop_scrolls,
          minmay_small_reverse_x
D:2:      layout_loops_cross
D:3:      layout_loops_ring, lightli_temple_of_fire,
          cheibrodos_sewer_entry_drain, uniq_sigmund, uniq_robin

Skill      XL: |  1  2  3  4 |
---------------+-------------+-----
Long Blades    | 4 |  4.4
Maces & Flails | 1 3 |  3.0
Fighting       | |  3.0
Armour         | |  1.5
Dodging        | |  1.5

Action                   |  1- 3 |  4- 6 || total
-------------------------+-------+-------++-------
Melee: Falchion          |    86 |       ||    86
       Tailslap          |    13 |     6 ||    19
       Mace              |    33 |     7 ||    40
       Morningstar       |       |    44 ||    44
Invok: Berserk           |       |     2 ||     2
 Abil: Rolling Charge    |    24 |     6 ||    30
Armor: Animal skin       |    40 |       ||    40
       Ring mail         |    10 |    18 ||    28
Dodge: Dodged            |    61 |    25 ||    86

Table legend: (Time is in decaauts)
 A = Elapsed time spent in this place.
 B = Non-inter-level travel time spent in this place.
 C = Inter-level travel time spent in this place.
 D = Time resting spent in this place.
 E = Time spent auto-exploring this place.
 F = Levels seen in this place.
 G = Mean time per level.
                   A        B        C        D        E       F      G
               +--------+--------+--------+--------+--------+-----+--------+
         Total |   2404 |   2357 |     47 |      0 |   1970 |   3 |  801.3 |
       Dungeon |   2404 |   2357 |     47 |      0 |   1970 |   3 |  801.3 |
               +--------+--------+--------+--------+--------+-----+--------+

Top non-repeatable levels by time:
     D:1: 940 daAuts
     D:3: 743 daAuts
     D:2: 720 daAuts
